Map: Lerilak Crest

Players

PtitDrogo - Winner!

  • Race: Protoss Protoss
  • League: Master

Elazer

  • Race: Zerg Zerg
  • League: Grandmaster

Event: Homestory Cup XII

VOD

Have the link to the VOD?

Description

Time

  • Played on: Dec. 20, 2015, 8:25 a.m.
  • Length: 13:16

All games in this series

Show
View Real Time Build Order
Export as new Build Order

PtitDrogo Protoss - Winner!

Build Orders: Nexus First, Oracle Opening 

Get SALT Encoding   

  12  0:01  Probe (Chrono Boost)  
  13  0:11  Probe (Chrono Boost)  
  14  0:17  Pylon  
  14  0:22  Probe (Chrono Boost)  
  16  0:35  Probe (Chrono Boost)  
  16  0:46  Probe (Chrono Boost)  
  17  0:58  Nexus  
  17  1:00  Probe (Chrono Boost)  
  18  1:11  Gateway  
  18  1:15  Probe (Chrono Boost)  
  19  1:20  Assimilator  
  20  1:25  Probe (Chrono Boost)  
  20  1:27  Assimilator  
  20  1:36  Probe (Chrono Boost)  
  21  1:40  Gateway  
  21  1:46  Probe (Chrono Boost)  
  22  1:57  Probe (Chrono Boost)  
  22  1:59  Cybernetics Core  
  23  2:10  Probe (Chrono Boost)  
  23  2:11  Probe (Chrono Boost)  
  25  2:20  Probe (Chrono Boost)  
  25  2:21  Probe (Chrono Boost)  
  27  2:26  Warp Gate  
  27  2:31  Probe (Chrono Boost)  
  27  2:32  Probe (Chrono Boost)  
  27  2:35  Adept (Chrono Boost)  
  27  2:36  Adept (Chrono Boost)  
  33  2:45  Stargate  
  33  2:47  Probe  
  33  2:49  Probe  
  35  2:53  Pylon  
  35  2:59  Probe (Chrono Boost)  
  38  3:06  Mothership Core (Chrono Boost)  
  38  3:11  Probe (Chrono Boost)  
  39  3:13  Pylon  
  39  3:15  Adept  
  41  3:22  Probe (Chrono Boost)  
  41  3:23  Adept  
  41  3:26  Probe (Chrono Boost)  
  44  3:32  Probe (Chrono Boost)  
  45  3:37  Oracle (Chrono Boost)  
  45  3:39  Probe  
  45  3:43  Adept  
  45  3:44  Gateway  
  45  3:45  Probe  
  48  3:50  Adept  
  48  3:52  Probe  
  51  3:58  Pylon  
  51  4:01  Probe  
  52  4:05  Probe  
  52  4:14  Probe, Oracle (Chrono Boost)  
  56  4:17  Probe  
  56  4:18  Assimilator  
  56  4:22  Assimilator  
  57  4:26  Probe  
  57  4:28  Pylon  
  57  4:29  Probe  
  59  4:34  Adept  
  59  4:38  Probe (Chrono Boost)  
  62  4:39  Pylon  
  62  4:46  Probe (Chrono Boost), Adept  
  62  4:47  Adept  
  62  4:50  Probe (Chrono Boost)  
  68  4:57  Probe (Chrono Boost)  
  69  5:00  Probe (Chrono Boost)  
  69  5:01  Gateway  
  70  5:08  Probe (Chrono Boost)  
  70  5:11  Probe (Chrono Boost)  
  72  5:18  Probe (Chrono Boost), Nexus  
  73  5:21  Probe (Chrono Boost), Pylon  
  74  5:29  Probe (Chrono Boost)  
  74  5:32  Probe (Chrono Boost)  
  73  5:38  Probe (Chrono Boost)  
  73  5:40  Adept  
  73  5:41  Adept x2  
  81  5:42  Probe (Chrono Boost)  
  81  5:43  Void Ray (Chrono Boost)  
  81  5:48  Probe  
  86  5:52  Robotics Facility  
  86  6:00  Pylon x2  
  86  6:03  Pylon  
  86  6:16  Probe  
  86  6:18  Twilight Council, Probe  
  88  6:27  Probe  
  88  6:30  Probe  
  88  6:31  Probe  
  88  6:32  Gateway  
  91  6:35  Gateway  
  91  6:38  Gateway  
  91  6:39  Probe  
  93  6:40  Observer (Chrono Boost)  
  93  6:41  Probe, Forge  
  93  6:42  Probe  
  93  6:44  Sentry x4  
  103  6:50  Charge (Chrono Boost)  
  105  6:57  Warp Prism (Chrono Boost)  
  105  7:05  Gateway  
  105  7:07  Assimilator  
  105  7:08  Probe, Gateway  
  106  7:09  Assimilator  
  106  7:13  Gateway, Protoss Ground Weapons Level 1 (Chrono Boost)  
  106  7:15  Templar Archives  
  106  7:16  Gateway  
  106  7:17  Pylon  
  106  7:36  Zealot x5  
  116  7:41  Pylon  
  116  7:43  Pylon x2  
  116  7:47  Immortal, Zealot x2  
  116  7:49  Pylon  
  116  7:51  Pylon  
  120  7:54  Robotics Bay  
  124  7:59  Pylon  
  124  8:04  High Templar x4  
  124  8:05  Zealot x3  
  138  8:13  Zealot x2  
  138  8:14  Archon x2  
  138  8:18  Zealot x2  
  146  8:35  High Templar x2  
  146  8:36  Zealot x5  
  146  8:37  Zealot  
  146  8:39  Archon  
  120  8:56  Probe  
  120  8:57  Zealot x8  
  120  8:58  Zealot  
  134  9:07  Probe  
  131  9:13  Probe  
  131  9:15  High Templar x2  
  122  9:17  High Templar x3  
  122  9:18  High Templar  
  122  9:22  Nexus, Archon x2  
  122  9:23  Disruptor, Archon  
  128  9:26  Probe  
  128  9:27  Pylon  
  132  9:32  Zealot x3  
  132  9:33  Zealot  
  140  9:39  Protoss Ground Weapons Level 2 (Chrono Boost)  
  140  9:46  Robotics Facility  
  140  9:47  Zealot x2  
  140  9:48  Zealot  
  141  10:03  Observer  
  140  10:08  Pylon  
  140  10:09  Zealot x8  
  152  10:20  Probe, Disruptor (Chrono Boost)  
  144  10:34  Probe  
  144  10:35  Probe  
  132  10:37  Zealot  
  132  10:38  Zealot x7  
  148  10:45  High Templar x2  
  148  10:46  Zealot  
  148  10:47  Disruptor (Chrono Boost)  
  157  10:52  Archon  
  157  10:58  Disruptor (Chrono Boost)  
  158  11:09  Zealot x9  
  171  11:13  Probe  
  166  11:19  Disruptor (Chrono Boost)  
  157  11:27  Probe  
  157  11:29  Zealot x6  
  151  11:38  Zealot x4  
  142  11:41  Probe  
  142  11:45  Probe  
  141  11:50  Probe  
  129  12:11  Zealot x5  
  129  12:15  Disruptor (Chrono Boost)  
  133  12:19  Photon Cannon  
  133  12:37  High Templar x4  
  133  12:38  High Templar x5  
  133  12:43  Archon x4  
  151  12:44  High Templar  
  151  12:49  Archon  
  151  12:50  Zealot  
  155  13:03  Assimilator  
  155  13:04  Assimilator  
Show
View Real Time Build Order
Export as new Build Order

Elazer Zerg 

Build Orders: Hatch First, Lurkers 

Get SALT Encoding   

  12  0:00  Drone  
  13  0:12  Overlord  
  13  0:17  Drone  
  14  0:30  Drone  
  14  0:31  Drone  
  14  0:35  Drone  
  17  0:52  Hatchery  
  17  0:54  Drone  
  17  0:58  Drone  
  18  1:08  Extractor  
  17  1:12  Spawning Pool  
  17  1:15  Drone  
  17  1:18  Drone  
  18  1:28  Drone  
  19  1:39  Overlord  
  19  1:51  Drone  
  20  1:59  Queen  
  20  2:01  Drone  
  23  2:03  Queen  
  23  2:04  Zergling x2  
  23  2:08  Metabolic Boost  
  26  2:10  Drone  
  26  2:15  Drone  
  28  2:21  Drone  
  29  2:26  Drone  
  30  2:32  Drone  
  31  2:37  Hatchery  
  31  2:42  Queen  
  32  2:48  Overlord  
  32  2:49  Drone  
  33  2:51  Drone  
  33  2:54  Drone  
  33  2:58  Drone  
  36  3:07  Drone x3  
  36  3:08  Overlord  
  39  3:13  Zergling x6  
  39  3:14  Zergling x2  
  39  3:37  Drone x4  
  39  3:39  Drone x3  
  39  3:41  Drone  
  46  3:44  Drone  
  46  3:47  Spore Crawler x2  
  45  3:49  Drone  
  45  3:50  Drone x2  
  45  3:53  Overlord  
  45  3:54  Drone  
  49  3:56  Drone  
  49  4:00  Drone  
  50  4:03  Drone  
  50  4:10  Extractor  
  50  4:11  Drone, Extractor  
  50  4:13  Drone x2  
  50  4:15  Lair  
  51  4:18  Roach Warren  
  51  4:20  Spore Crawler  
  49  4:24  Spore Crawler  
  49  4:26  Zergling x2  
  49  4:27  Zergling x4  
  47  4:35  Drone x4  
  51  4:41  Overlord  
  51  4:48  Zergling x2  
  52  4:53  Overlord  
  52  4:58  Roach x3  
  52  4:59  Roach x3  
  64  5:02  Overlord  
  64  5:04  Roach  
  65  5:10  Spine Crawler  
  65  5:12  Roach  
  64  5:23  Queen  
  61  5:33  Drone x3  
  60  5:39  Drone  
  60  5:40  Drone  
  60  5:41  Drone  
  60  5:42  Drone x3  
  66  5:43  Drone  
  66  5:46  Drone  
  66  5:48  Drone x2  
  69  5:51  Ravager  
  69  5:55  Drone x3  
  73  6:02  Glial Reconstitution  
  73  6:04  Overlord  
  73  6:06  Drone x2  
  75  6:12  Overlord  
  75  6:22  Drone, Overlord  
  75  6:26  Drone x5  
  75  6:28  Extractor  
  75  6:30  Drone x2, Hydralisk Den  
  81  6:32  Drone  
  81  6:33  Drone x4  
  81  6:36  Overseer, Extractor  
  84  6:48  Overlord  
  84  6:49  Overlord  
  84  6:53  Drone  
  84  6:54  Drone x2  
  87  6:58  Lurker Den  
  87  7:00  Overlord x2  
  87  7:02  Drone  
  87  7:03  Drone x3, Extractor  
  90  7:09  Hydralisk x4  
  98  7:19  Hydralisk x4  
  106  7:28  Overlord  
  106  7:33  Drone  
  106  7:41  Overlord x2  
  106  7:42  Hydralisk  
  106  7:43  Hydralisk x3  
  114  7:53  Hydralisk x3  
  114  7:56  Roach x3  
  126  7:58  Hatchery  
  126  8:02  Roach x3  
  134  8:05  Drone, Roach  
  134  8:06  Roach  
  134  8:09  Ravager x2  
  134  8:10  Ravager x2  
  140  8:14  Roach x3  
  140  8:17  Evolution Chamber  
  140  8:19  Evolution Chamber  
  144  8:25  Overlord  
  144  8:27  Roach x4  
  144  8:29  Lurker x2  
  152  8:37  Lurker  
  152  8:39  Muscular Augments  
  150  8:49  Roach x6  
  150  8:51  Roach  
  150  8:52  Roach  
  146  8:58  Roach x3  
  149  9:07  Hydralisk x3  
  147  9:16  Lurker x2  
  137  9:20  Drone  
  137  9:21  Drone x2  
  137  9:23  Hydralisk x3  
  146  9:25  Queen  
  146  9:27  Overlord  
  146  9:31  Ravager  
  149  9:33  Roach x3  
  154  9:42  Overlord  
  154  9:43  Overseer  
  154  9:46  Zerg Missile Weapons Level 1, Drone x5  
  154  9:47  Drone x3  
  154  9:49  Extractor  
  161  9:54  Overlord  
  161  9:55  Zerg Ground Armor Level 1  
  161  9:58  Drone x3  
  160  10:00  Extractor  
  150  10:15  Hydralisk x4  
  150  10:16  Hydralisk  
  150  10:18  Overlord  
  143  10:28  Roach  
  143  10:29  Roach x6  
  155  10:36  Roach x4  
  163  10:43  Drone x2  
  165  10:50  Hatchery  
  165  10:53  Lurker x4  
  165  10:55  Ravager  
  169  11:03  Hydralisk x2  
  170  11:08  Zergling x14  
  136  11:34  Hydralisk x7  
  136  11:37  Hydralisk  
  126  11:47  Queen  
  108  11:52  Overlord  
  108  11:53  Roach x2  
  99  12:15  Lurker x2  
  98  12:16  Lurker  
  98  12:19  Roach x5  
  98  12:20  Hatchery  
  105  12:26  Lurker x2  
  98  12:30  Roach x3  
  98  12:36  Drone  
  105  12:44  Hydralisk x4  
  105  12:50  Hydralisk  
  113  12:55  Roach x4  
  113  12:57  Ravager  
  122  12:59  Zergling x2  
  122  13:03  Lurker  
Tags
 
Add a new tag
Caveats
  • Supply blocks, unpowered buildings, or Contaminate may cause inaccurate times.
  • Supply counts are checked every 10 seconds.